TOP OF THE 1ST |
Winnipeg Goldeyes batting - Pitching for Hamilton Cardinals : RHP Jim North
|
Pitching: RHP Jim North
|
|
Batting: RHB Bubba Ryle
|
0-0: Called Strike 0-1: Foul Ball, location: 2F 0-2: Strikes out swinging
|
Batting: RHB Shane Thomas
|
0-0: Ball 1-0: Called Strike 1-1: Ball 2-1: Foul Ball, location: 2F 2-2: Foul Ball, location: 2F 2-2: Foul Ball, location: 2F 2-2: Strikes out swinging
|
Batting: RHB Claudio Wolfs
|
0-0: Fly out, F9 (Flyball, 9S, EV 78.1 MPH)
|
Top of the 1st over - 0 runs, 0 hits, 0 errors, 0 left on base; Winnipeg 0 - Hamilton 0 |
BOTTOM OF THE 1ST |
Hamilton Cardinals batting - Pitching for Winnipeg Goldeyes : RHP Omar Vasquez
|
Pitching: RHP Omar Vasquez
|
|
Batting: LHB Danny Cuate
|
0-0: Foul Ball, location: 2F 0-1: Ball 1-1: Fly out, F8 (Flyball, 78S, EV 85.0 MPH)
|
Batting: LHB Christian Dean
|
0-0: Ball 1-0: Ball 2-0: Fly out, F7 (Flyball, 7S, EV 84.4 MPH)
|
Batting: RHB Jason Sher
|
0-0: Foul Ball, location: 2F 0-1: Called Strike 0-2: Foul Ball, location: 2F 0-2: Ball 1-2: Ball 2-2: Fly out, F8 (Flyball, 89D, EV 98.1 MPH)
|
Bottom of the 1st over - 0 runs, 0 hits, 0 errors, 0 left on base; Winnipeg 0 - Hamilton 0 |
TOP OF THE 2ND |
Winnipeg Goldeyes batting - Pitching for Hamilton Cardinals : RHP Jim North
|
Batting: RHB Robby Bell
|
0-0: Ball 1-0: Foul Ball, location: 2F 1-1: Ball 2-1: Ball 3-1: Foul Ball, location: 2F 3-2: Fly out, F7 (Flyball, 7S, EV 83.8 MPH)
|
Batting: RHB Brenden Hindle
|
0-0: Ball 1-0: Fly out, F3 (Popup, 23F, EV 83.1 MPH)
|
Batting: RHB Bob Staley
|
0-0: Ball 1-0: Swinging Strike 1-1: Ball 2-1: Called Strike 2-2: Foul Ball, location: 2F 2-2: Strikes out looking
|
Top of the 2nd over - 0 runs, 0 hits, 0 errors, 0 left on base; Winnipeg 0 - Hamilton 0 |
BOTTOM OF THE 2ND |
Hamilton Cardinals batting - Pitching for Winnipeg Goldeyes : RHP Omar Vasquez
|
Batting: LHB Mike Grady
|
0-0: Ground out 6-3 (Groundball, 6M, EV 108.1 MPH)
|
Batting: RHB Bill Rodriguez
|
0-0: Called Strike 0-1: Fly out, F8 (Flyball, 8RD, EV 95.0 MPH)
|
Batting: LHB Nick Cavero
|
0-0: Foul Ball, location: 2F 0-1: Ball 1-1: Ball 2-1: Ground out U3 (Groundball, 34, EV 86.3 MPH)
|
Bottom of the 2nd over - 0 runs, 0 hits, 0 errors, 0 left on base; Winnipeg 0 - Hamilton 0 |
TOP OF THE 3RD |
Winnipeg Goldeyes batting - Pitching for Hamilton Cardinals : RHP Jim North
|
Batting: RHB Brent van Oirschot
|
0-0: Ball 1-0: Ball 2-0: Swinging Strike 2-1: Foul Ball, location: 2F 2-2: Strikes out looking
|
Batting: RHB Jaquan Cross
|
0-0: Called Strike 0-1: Foul Ball, location: 2F 0-2: Strikes out swinging
|
Batting: RHB Roy Laska
|
0-0: Swinging Strike 0-1: Ball 1-1: Foul Ball, location: 2F 1-2: Ball 2-2: Foul Ball, location: 2F 2-2: Ground out 6-3 (Groundball, 6, EV 83.8 MPH)
|
Top of the 3rd over - 0 runs, 0 hits, 0 errors, 0 left on base; Winnipeg 0 - Hamilton 0 |
BOTTOM OF THE 3RD |
Hamilton Cardinals batting - Pitching for Winnipeg Goldeyes : RHP Omar Vasquez
|
Batting: LHB Daniel Villagran
|
0-0: Foul Ball, location: 2F 0-1: Ball 1-1: SINGLE (Line Drive, 7LS, EV 92.5 MPH)
|
Batting: SHB Mike Fugere
|
0-0: Called Strike 0-1: Ball 1-1: Swinging Strike 1-2: DOUBLE (Flyball, 78D, EV 105.6 MPH) Daniel Villagran to third Runner from 3rd tries for Home, SAFE, no throw by CF
|
Batting: SHB Tom Toscano
|
0-0: Ball 1-0: Called Strike 1-1: Foul Ball, location: 2F 1-2: Fly out, F8 (Flyball, 8LXD, EV 100.6 MPH) Runner from 2nd tags up, SAFE at 3rd, no throw by CF
|
Batting: LHB Danny Cuate
|
0-0: Ball 1-0: SINGLE (Groundball, 3D, EV 106.3 MPH) Mike Fugere scores
|
Batting: LHB Christian Dean
|
0-0: Ball Danny Cuate is caught stealing 2nd base 2-6 1-0: Called Strike 1-1: Ball 2-1: Ground out 5-3 (Groundball, 56, EV 103.1 MPH)
|
Bottom of the 3rd over - 2 runs, 3 hits, 0 errors, 0 left on base; Winnipeg 0 - Hamilton 2 |
TOP OF THE 4TH |
Winnipeg Goldeyes batting - Pitching for Hamilton Cardinals : RHP Jim North
|
Batting: RHB Bubba Ryle
|
0-0: Ball 1-0: Called Strike 1-1: Swinging Strike 1-2: Ball 2-2: Ball 3-2: Foul Ball, location: 2F 3-2: Base on Balls
|
Batting: RHB Shane Thomas
|
0-0: Called Strike Bubba Ryle steals 2nd base 0-1: Ball 1-1: Foul Ball, location: 2F 1-2: Foul Ball, location: 2F 1-2: Foul Ball, location: 2F 1-2: Foul Ball, location: 2F 1-2: Fly out, F9 (Flyball, 9S, EV 96.3 MPH)
|
Batting: RHB Claudio Wolfs
|
0-0: Ball Passed Ball! Bubba Ryle to third 1-0: Foul Ball, location: 2F 1-1: Fly out, F3 (Popup, 3SF, EV 85.6 MPH)
|
Batting: RHB Robby Bell
|
0-0: Foul Ball, location: 2F 0-1: Ball 1-1: Called Strike 1-2: Fly out, F8 (Flyball, 8RD, EV 91.9 MPH)
|
Top of the 4th over - 0 runs, 0 hits, 0 errors, 1 left on base; Winnipeg 0 - Hamilton 2 |
BOTTOM OF THE 4TH |
Hamilton Cardinals batting - Pitching for Winnipeg Goldeyes : RHP Omar Vasquez
|
Batting: RHB Jason Sher
|
0-0: Ball 1-0: Ball 2-0: Ball 3-0: Called Strike 3-1: Called Strike 3-2: SINGLE (Flyball, 7LS, EV 87.5 MPH)
|
Batting: LHB Mike Grady
|
0-0: Called Strike Jason Sher steals 2nd base 0-1: Foul Ball, location: 2F 0-2: Ball 1-2: Strikes out swinging
|
Batting: RHB Bill Rodriguez
|
0-0: Foul Ball, location: 2F 0-1: Called Strike Jason Sher steals 3rd, throwing error, E2 Jason Sher scores 0-2: Ball 1-2: SINGLE (Groundball, 34D, EV 103.1 MPH)
|
Batting: LHB Nick Cavero
|
0-0: Ball 1-0: Ball 2-0: Called Strike 2-1: Ball 3-1: Called Strike 3-2: Foul Ball, location: 2F 3-2: Foul Ball, location: 2F 3-2: Strikes out swinging
|
Batting: LHB Daniel Villagran
|
0-0: Ball 1-0: Ground out 4-3 (Groundball, 34, EV 103.1 MPH)
|
Bottom of the 4th over - 1 run, 2 hits, 1 error, 1 left on base; Winnipeg 0 - Hamilton 3 |
TOP OF THE 5TH |
Winnipeg Goldeyes batting - Pitching for Hamilton Cardinals : RHP Jim North
|
Batting: RHB Brenden Hindle
|
0-0: Ball 1-0: Ball 2-0: Foul Ball, location: 2F 2-1: SINGLE (Groundball, 6D, EV 95.6 MPH)
|
Batting: RHB Bob Staley
|
0-0: Ball 1-0: Ball 2-0: Called Strike 2-1: Called Strike 2-2: Foul Ball, location: 2F 2-2: Fielders Choice at 2nd, 4-6 (Groundball, 34, EV 106.3 MPH)
|
Batting: RHB Brent van Oirschot
|
0-0: Called Strike 0-1: Foul Ball, location: 2F 0-2: Ball 1-2: Strikes out looking
|
Batting: RHB Jaquan Cross
|
0-0: Ball 1-0: Swinging Strike 1-1: SINGLE (Groundball, 6MD, EV 104.4 MPH) Bob Staley to second Runner from 2nd tries for 3rd, SAFE, throw by CF made to third
|
Batting: RHB Roy Laska
|
0-0: Called Strike 0-1: Ball 1-1: Ball 2-1: Called Strike 2-2: Strikes out swinging
|
Top of the 5th over - 0 runs, 2 hits, 0 errors, 2 left on base; Winnipeg 0 - Hamilton 3 |
BOTTOM OF THE 5TH |
Hamilton Cardinals batting - Pitching for Winnipeg Goldeyes : RHP Omar Vasquez
|
Batting: SHB Mike Fugere
|
0-0: DOUBLE (Line Drive, 78D, EV 103.8 MPH)
|
Batting: SHB Tom Toscano
|
0-0: Ball 1-0: Ball 2-0: Foul Ball, location: 2F 2-1: Called Strike 2-2: SINGLE (Line Drive, 8RS, EV 93.8 MPH) Mike Fugere to third
|
Batting: LHB Danny Cuate
|
0-0: Ball 1-0: Called Strike 1-1: Ball 2-1: Foul Ball, location: 2F 2-2: Ball 3-2: Foul Ball, location: 2F 3-2: Base on Balls Tom Toscano to second
|
Batting: LHB Christian Dean
|
0-0: Fly out, F7 (Line Drive, 7, EV 103.8 MPH)
|
Batting: RHB Jason Sher
|
0-0: Ball 1-0: Foul Ball, location: 2F 1-1: Foul Ball, location: 2F 1-2: Foul Ball, location: 2F 1-2: Ball 2-2: TRIPLE (Flyball, 78XD, EV 90.0 MPH) Mike Fugere scores Tom Toscano scores Danny Cuate scores
|
Pitching: RHP Jose Gutierrez
|
|
Batting: LHB Mike Grady
|
0-0: Ball 1-0: Called Strike 1-1: Called Strike 1-2: Ball 2-2: Strikes out looking
|
Batting: RHB Bill Rodriguez
|
0-0: SINGLE (Groundball, 6D, EV 99.4 MPH) Jason Sher scores
|
Batting: LHB Nick Cavero
|
0-0: Fielders Choice at 2nd, 5-4 (Groundball, 56, EV 105.6 MPH)
|
Bottom of the 5th over - 4 runs, 4 hits, 0 errors, 1 left on base; Winnipeg 0 - Hamilton 7 |
TOP OF THE 6TH |
Winnipeg Goldeyes batting - Pitching for Hamilton Cardinals : RHP Jim North
|
Pitching: RHP David DeMoulin
|
|
Batting: RHB Bubba Ryle
|
0-0: Swinging Strike 0-1: Swinging Strike 0-2: Foul Ball, location: 2F 0-2: Foul Ball, location: 2F 0-2: Ball 1-2: Ground out 5-3 (Groundball, 5L, EV 81.3 MPH)
|
Batting: RHB Shane Thomas
|
0-0: Foul Ball, location: 2F 0-1: Foul Ball, location: 2F 0-2: Foul Ball, location: 2F 0-2: Ball 1-2: Strikes out swinging
|
Batting: RHB Claudio Wolfs
|
0-0: Ball 1-0: Ball 2-0: Ball 3-0: Called Strike 3-1: Called Strike 3-2: Base on Balls
|
Batting: RHB Robby Bell
|
0-0: Foul Ball, location: 2F 0-1: Reached on error, E1 (Groundball, P, EV 85.6 MPH) Claudio Wolfs to second
|
Batting: RHB Brenden Hindle
|
0-0: Called Strike 0-1: Foul Ball, location: 2F 0-2: Ball 1-2: Ball 2-2: SINGLE (Groundball, 56D, EV 106.9 MPH) Claudio Wolfs to third Robby Bell to second Runner from 3rd tries for Home, SAFE, throw by LF to home
|
Batting: RHB Bob Staley
|
0-0: Ball 1-0: Ball 2-0: Ball 3-0: Called Strike 3-1: Base on Balls Robby Bell to third Brenden Hindle to second
|
Batting: RHB Brent van Oirschot
|
0-0: Foul Ball, location: 2F 0-1: Foul Ball, location: 2F 0-2: Strikes out swinging
|
Top of the 6th over - 1 run, 1 hit, 1 error, 3 left on base; Winnipeg 1 - Hamilton 7 |
BOTTOM OF THE 6TH |
Hamilton Cardinals batting - Pitching for Winnipeg Goldeyes : RHP Jose Gutierrez
|
Batting: LHB Daniel Villagran
|
0-0: Ball 1-0: Foul Ball, location: 2F 1-1: Ground out 4-3 (Groundball, 4S, EV 86.9 MPH)
|
Batting: SHB Mike Fugere
|
0-0: Called Strike 0-1: Foul Ball, location: 2F 0-2: Foul Ball, location: 2F 0-2: Foul Ball, location: 2F 0-2: Ball 1-2: Ball 2-2: Strikes out looking
|
Batting: SHB Tom Toscano
|
0-0: Called Strike 0-1: Ball 1-1: Ball 2-1: Foul Ball, location: 2F 2-2: Foul Ball, location: 2F 2-2: Ground out 4-3 (Groundball, 4D, EV 98.8 MPH)
|
Bottom of the 6th over - 0 runs, 0 hits, 0 errors, 0 left on base; Winnipeg 1 - Hamilton 7 |
TOP OF THE 7TH |
Winnipeg Goldeyes batting - Pitching for Hamilton Cardinals : RHP David DeMoulin
|
Batting: RHB Jaquan Cross
|
0-0: Ball 1-0: Foul Ball, location: 2F 1-1: Foul Ball, location: 2F 1-2: Foul Ball, location: 2F 1-2: Fly out, F8 (Flyball, 8RS, EV 75.6 MPH)
|
Batting: RHB Roy Laska
|
0-0: DOUBLE (Groundball, 5L, EV 104.4 MPH)
|
Batting: RHB Bubba Ryle
|
0-0: Fly out, F9 (Flyball, 9LD, EV 98.1 MPH) Runner from 2nd tags up, SAFE at 3rd, no throw by RF
|
Batting: RHB Shane Thomas
|
0-0: Ball 1-0: SINGLE (Groundball, 6MD, EV 95.0 MPH) Roy Laska scores
|
Batting: RHB Claudio Wolfs
|
0-0: Ball 1-0: Foul Ball, location: 2F 1-1: Ball 2-1: Called Strike 2-2: 2-RUN HOME RUN (Flyball, 78XD, EV 93.8 MPH), Distance : 407 ft
|
Pitching: RHP Tristan Ning
|
|
Batting: RHB Robby Bell
|
0-0: Ball 1-0: Fly out, F8 (Flyball, 8RXD, EV 93.8 MPH)
|
Top of the 7th over - 3 runs, 3 hits, 0 errors, 0 left on base; Winnipeg 4 - Hamilton 7 |
BOTTOM OF THE 7TH |
Hamilton Cardinals batting - Pitching for Winnipeg Goldeyes : RHP Jose Gutierrez
|
Batting: LHB Danny Cuate
|
0-0: Foul Ball, location: 2F 0-1: Ball 1-1: Ball 2-1: Swinging Strike 2-2: Strikes out swinging
|
Batting: LHB Christian Dean
|
0-0: Ball 1-0: Ball 2-0: Called Strike 2-1: Ground out 4-3 (Groundball, 4, EV 83.1 MPH)
|
Batting: RHB Jason Sher
|
0-0: Ball 1-0: Foul Ball, location: 2F 1-1: Ball 2-1: Ball 3-1: Ground out 3-1 (Groundball, 34, EV 82.5 MPH)
|
Bottom of the 7th over - 0 runs, 0 hits, 0 errors, 0 left on base; Winnipeg 4 - Hamilton 7 |
TOP OF THE 8TH |
Winnipeg Goldeyes batting - Pitching for Hamilton Cardinals : RHP Tristan Ning
|
Batting: RHB Brenden Hindle
|
0-0: Ball 1-0: Called Strike 1-1: Fly out, F7 (Flyball, 78D, EV 87.5 MPH)
|
Batting: RHB Bob Staley
|
0-0: Ground out 5-3 (Groundball, 56S, EV 80.0 MPH)
|
Batting: RHB Brent van Oirschot
|
0-0: Called Strike 0-1: Ball 1-1: Called Strike 1-2: Ball 2-2: Strikes out swinging
|
Top of the 8th over - 0 runs, 0 hits, 0 errors, 0 left on base; Winnipeg 4 - Hamilton 7 |
BOTTOM OF THE 8TH |
Hamilton Cardinals batting - Pitching for Winnipeg Goldeyes : RHP Jose Gutierrez
|
Batting: LHB Mike Grady
|
0-0: Called Strike 0-1: Reached on error, E7 (Flyball, 78S, EV 76.3 MPH)
|
Batting: RHB Bill Rodriguez
|
0-0: Foul Ball, location: 2F 0-1: Ball Balk! Mike Grady to second 1-1: Ball 2-1: Swinging Strike 2-2: SINGLE (Line Drive, 5L, EV 94.4 MPH) Mike Grady to third
|
Batting: LHB Nick Cavero
|
0-0: Ball 1-0: Foul Ball, location: 2F 1-1: Fly out, F8 (Flyball, 8LD, EV 82.5 MPH) Runner from 3rd tags up, SCORES, throw by CF
|
Batting: LHB Daniel Villagran
|
0-0: Ball 1-0: Ball 2-0: Ball 3-0: Base on Balls Bill Rodriguez to second
|
Batting: SHB Mike Fugere
|
0-0: Ball 1-0: Ball 2-0: Ball 3-0: Called Strike 3-1: Base on Balls Bill Rodriguez to third Daniel Villagran to second
|
Pitching: LHP Brian Whittall
|
|
Batting: SHB Tom Toscano
|
0-0: Ball 1-0: Ball 2-0: DOUBLE (Groundball, 5L, EV 95.0 MPH) Bill Rodriguez scores Daniel Villagran scores Mike Fugere to third
|
Batting: LHB Danny Cuate
|
0-0: SINGLE (Groundball, 6MD, EV 98.1 MPH) Mike Fugere scores Tom Toscano to third Runner from 3rd tries for Home, throw by CF and OUT! 8-2
|
Pinch Hitting: LHB Tim Marciano
|
0-0: Foul Ball, location: 2F 0-1: Fly out, F9 (Flyball, 89D, EV 103.1 MPH)
|
Bottom of the 8th over - 4 runs, 3 hits, 1 error, 1 left on base; Winnipeg 4 - Hamilton 11 |
TOP OF THE 9TH |
Winnipeg Goldeyes batting - Pitching for Hamilton Cardinals : RHP Tristan Ning
|
Now in RF: Tim Marciano
|
|
Pinch Hitting: RHB Corey Katz
|
0-0: Foul Ball, location: 2F 0-1: Foul Ball, location: 2F 0-2: Strikes out looking
|
Pinch Hitting: RHB Sam Ackley
|
0-0: Ball 1-0: Called Strike 1-1: Ball 2-1: Ball 3-1: Base on Balls
|
Pinch Hitting: SHB Lance Wright
|
0-0: Fielders Choice at 2nd, 5-4 (Groundball, 5L, EV 92.5 MPH)
|
Pinch Hitting: SHB Trevor Piotraschke
|
0-0: Ball 1-0: Called Strike 1-1: SINGLE (Line Drive, 7S, EV 105.0 MPH) Lance Wright to second
|
Batting: RHB Claudio Wolfs
|
0-0: Fielders Choice at 2nd, 5-4 (Groundball, 56, EV 100.6 MPH)
|
Top of the 9th over - 0 runs, 1 hit, 0 errors, 2 left on base; Winnipeg 4 - Hamilton 11 |
|